 Dungeon Crawl Stone Soup version 0.29-a0-330-g52719c12eb (webtiles) character file.

Game seed: 15132062139221753745

4 Aelig the Vexing (level 1, -1/13 HPs)
             Began as a Vampire Enchanter on May 16, 2022.
             Slain by a quokka (3 damage)
             ... on level 1 of the Dungeon.
             The game lasted 00:00:55 (128 turns).

Aelig the Vexing (Vampire Enchanter)                 Turns: 128, Time: 00:00:56

Health: -1/13      AC:  2    Str:  7    XL:     1   Next: 50%
Magic:  3/3        EV: 12    Int: 17    God:
Gold:   0          SH:  0    Dex: 14    Spells: 4/4 levels left

rFire   . . .      SeeInvis +   a - +1 dagger
rCold   . . .      Faith    .   (no shield)
rNeg    . . .      Spirit   .   b - +0 robe
rPois   .          Reflect  .   (no helmet)
rElec   .          Harm     .   (no cloak)
rCorr   .          Rampage  .   (no gloves)
Will    .....                   (no boots)
Stlth   +++.......              (no amulet)
HPRegen 0.24/turn               (no ring)
MPRegen 0.08/turn               (no ring)

@: healing quickly
A: alive, fangs 3, see invisible, vampiric 1
a: Exsanguinate


You were on level 1 of the Dungeon.
You visited 1 branch of the dungeon, and saw 1 of its levels.

Inventory:

Hand Weapons
 a - a +1 dagger (weapon)
Armour
 b - a +0 robe (worn)
Potions
 c - 2 potions of invisibility
 d - a potion of mutation {unknown}
 e - a potion of degeneration {unknown}


   Skills:
 + Level 1.4 Short Blades
 - Level 2.1 Dodging
 - Level 4.4 Stealth
 - Level 2.0 Spellcasting
 + Level 4.6 Hexes


You had 4 spell levels left.
You didn't know any spells.
Your spell library contained the following spells:

 Spells                   Type           Power      Damage    Failure   Level
 Confusing Touch          Hex            17%        N/A       9%          3
 Tukima's Dance           Hex            17%        N/A       9%          3
 Ensorcelled Hibernation  Hex/Ice        18%        N/A       11%         2
 Dazzling Flash           Conj/Hex       18%        N/A       22%         3


Dungeon Overview and Level Annotations

Branches:
Dungeon (1/15)

Altars:


Innate Abilities, Weirdness & Mutations

Your natural rate of healing is accelerated.
You have razor-sharp teeth.
You have supernaturally acute eyesight. (SInv)
You are afflicted with vampirism.


Message History

Keep bloodletting? [Y]es or [N]o only, please.
Keep bloodletting? [Y]es or [N]o only, please.
Keep bloodletting?
You stop emptying yourself of blood.
You closely miss the goblin. The goblin hits you but does no damage.
A dart slug comes into view.
The goblin attacks as you move away! The goblin closely misses you.
You barely miss the goblin. The goblin hits you with a +0 club.
You hit the goblin. You bite the goblin.
You kill the goblin!
You see here a +0 club.
You start resting.
A quokka is nearby!
A quokka is nearby!
You see here a +0 club.
You hit the quokka.
The quokka is moderately wounded.
The quokka bites you but does no damage.
You hit the quokka but do no damage. Your bite misses the quokka.
The quokka is moderately wounded.
The quokka bites you. The quokka barely misses you.
You barely miss the quokka. Your bite misses the quokka.
The quokka is moderately wounded.
The quokka misses you.
You hit the quokka. Your bite misses the quokka.
The quokka is heavily wounded.
The quokka closely misses you.
You hit the quokka.
The quokka is almost dead.
The quokka bites you.
You barely miss the quokka. Your bite misses the quokka.
The quokka is almost dead.
The quokka bites you.
* * * LOW HITPOINT WARNING * * *
You barely miss the quokka.
The quokka is almost dead.
The quokka bites you.
You die...

#.# # #.# #.#.###
# #.#.#..
#.#.#.#.#
#.....#.#
###.....#.#######
........r.......#
###.....#@#####.#
#.>..##.# #.#.#
#.# w. ## #.# ..
#.## # #..####.#
##......#
#..##### #..#


You could see a quokka.

Vanquished Creatures
  A goblin (D:1)
  A ball python (D:1)
  2 bats (D:1)
4 creatures vanquished.

Notes
Turn   | Place    | Note
-------+----------+-------------------------------------------
     0 | D:1      | Aelig the Vampire Enchanter began the quest for the Orb.
     0 | D:1      | Reached XP level 1. HP: 13/13 MP: 3/3
   128 | D:1      | Slain by a quokka

Illustrated notes

Levels and vault maps discovered:
D:1:      scummos_arrival_simple_fountains, layout_loops_ring

Action                   || total
-------------------------++-------
Melee: Dagger            ||    14
       Bite              ||     1
 Abil: Exsanguinate      ||     1
 Stab: Sleeping          ||     2
Armor: Robe              ||     3
Dodge: Dodged            ||     6

Table legend: (Time is in decaauts)
 A = Elapsed time spent in this place.
 B = Non-inter-level travel time spent in this place.
 C = Inter-level travel time spent in this place.
 D = Time resting spent in this place.
 E = Time spent auto-exploring this place.
 F = Levels seen in this place.
 G = Mean time per level.
                   A        B        C        D        E       F      G
               +--------+--------+--------+--------+--------+-----+--------+
         Total |    127 |    127 |      0 |     14 |     69 |   1 |  127.0 |
       Dungeon |    127 |    127 |      0 |     14 |     69 |   1 |  127.0 |
               +--------+--------+--------+--------+--------+-----+--------+

Top non-repeatable levels by time:
     D:1: 127 daAuts
